[Event "1st Festival ChessInLyon-GM 2024"]
[Site "Lyon"]
[Date "2024.04.23"]
[Round "1.1"]
[White "Vlachos, Anatole"]
[Black "Fedorchuk, Sergey A."]
[Result "1/2-1/2"]
[ECO "B40"]
[WhiteElo "2482"]
[BlackElo "2557"]
[Annotator "TA"]
[PlyCount "76"]
[EventDate "2024.04.23"]
[EventType "tourn"]
[EventCountry "FRA"]
[SourceTitle "playchess.com"]
[Source "ChessBase"]
[SourceQuality "1"]
[TimeControl "40/5400+30:1800+30"]

1. e4 c5 2. Nf3 e6 3. c3 Nf6 4. Bd3 d5 5. e5 Nfd7 6. Bc2 {[%emt 0:00:17] B40: Sicilian: 2...e6, Unusual lines.} c4 $1 {[%emt 0:01:25][%mdl 4] is more profitable than 6...Nc6 at the moment.} 7. O-O Nc6 8. Re1 g6 9. d4 cxd3 10. Qxd3 Bg7 11. Bf4 O-O 12. Nbd2 Qc7 13. Qe2 b5 $146 ({Predecessor:} 13... b6 14. Nb3 a5 15. Nbd4 Ba6 16. Qe3 Nxd4 17. Nxd4 b5 18. Rac1 Qb6 19. h4 b4 {0-1 Aronian,L (2723)-Guseinov,G (2636) Wch Blitz Samarkand 2023 (6)}) 14. Rac1 (14. Qxb5 Rb8 15. Qe2 Rxb2 $17) 14... Qb6 15. Bd3 b4 16. Nb3 bxc3 17. Rxc3 Nb4 18. Bb5 (18. Bb1 $14 {might be stronger.}) 18... Nxa2 $11 19. Rc6 Qb8 $1 20. Nbd4 a6 21. Ba4 Nb4 (21... Nb6 $15 22. b3 Nb4) 22. Qd2 $11 a5 23. Rc3 (23. Rcc1 $5) 23... Nb6 24. Bb5 Ba6 25. Bxa6 Rxa6 26. Bh6 $1 Nc4 (26... Na4 $11 27. Rcc1 (27. Bxg7 Kxg7 28. Qe2 Rb6 $15) 27... Rc8) 27. Qf4 $1 $14 a4 ({Black should play} 27... Nxb2 $14 28. Qh4 (28. Bxg7 Kxg7 29. Ng5 N4d3 $14) 28... N2d3) 28. Bxg7 $18 Kxg7 29. Ng5 Qd8 $2 (29... Nxb2 30. Rh3 Kg8 31. Nxh7 f5 32. Nf6+ (32. Qh6 Kf7 $18) 32... Rxf6 33. Qh4 g5 34. Qh8+ (34. Qxg5+ Rg6 35. Qxg6+ Kf8 36. Rh8+ Ke7 37. Qh7#) 34... Kf7 35. Rh7+ Kg6 36. Qg7#) (29... Nxe5 $16 30. Qxe5+ (30. Rxe5 a3 $15) 30... Qxe5 31. Rxe5 Kg8) 30. Rh3 (30. Qxf7+ Rxf7 31. Ngxe6+ Kg8 32. Nxd8 Re7 $14) 30... h5 {[%emt 0:00:20] [#]} 31. g4 $1 (31. Qxf7+ Rxf7 32. Ngxe6+ Kh8 33. Nxd8 Re7 $16) 31... Nxb2 $2 (31... h4 32. Rxh4 (32. Qxf7+ Rxf7 33. Ndxe6+ Kg8 $14) 32... Nd3 33. Ngxe6+ fxe6 34. Qh6+ Kf7 35. Qh7+ Ke8 36. Qxg6+ Kd7 37. Rh7+ (37. Qxd3 $2 {is the wrong capture.} Qxh4 38. Qg3 Qxg3+ 39. hxg3 Nxb2 $19) 37... Kc8 38. Qxd3 Qb6) 32. gxh5 $18 N2d3 33. h6+ $2 (33. Qg3 $18 {[%cal Oh5g6] White wants to mate with hxg6!} Nxf2 34. Ngxe6+ (34. Kxf2 Nc6 $18) 34... Kg8 35. Nxd8) 33... Kh8 $11 34. Nxf7+ Kh7 35. Ng5+ Kh8 36. Nf7+ Kh7 37. Ng5+ Kh8 38. Nf7+ Kh7 1/2-1/2

[Event "1st Festival ChessInLyon-GM 2024"]
[Site "Lyon"]
[Date "2024.04.23"]
[Round "1.2"]
[White "Gatineau, Yovann"]
[Black "Pourramezanali, Amirreza"]
[Result "0-1"]
[ECO "D43"]
[WhiteElo "2408"]
[BlackElo "2502"]
[Annotator "TA"]
[PlyCount "70"]
[EventDate "2024.04.23"]
[EventType "tourn"]
[EventCountry "FRA"]
[SourceTitle "playchess.com"]
[Source "ChessBase"]
[SourceQuality "1"]
[TimeControl "40/5400+30:1800+30"]

1. d4 d5 2. c4 e6 3. Nf3 Nf6 4. Nc3 c6 5. Qd3 Nbd7 6. g3 a5 7. Bg2 b6 8. O-O {[%emt 0:07:45] The position is equal.} Ba6 9. b3 Be7 10. e4 {[%emt 0:08:49] [#]} b5 $1 11. e5 (11. cxb5 cxb5 12. Qe3 b4 $19) (11. Qc2 bxc4) 11... bxc4 (11... dxc4 $17 12. bxc4 bxc4) 12. Qd1 Ne4 13. Nxe4 dxe4 14. Nd2 cxb3 15. Re1 bxa2 16. Bxe4 Qb6 (16... O-O $15) 17. Rxa2 $11 Bb4 18. Qg4 (18. Ba3 $11) 18... O-O $17 (18... Qxd4 19. Nf3 (19. Qxg7 Qxe5 20. Qh6 Bb5 $11) 19... Qc5 20. Rc2 $16 (20. Qxg7 Qf8 $11)) 19. Rd1 Rae8 (19... Qxd4 $2 20. Bxh7+ Kxh7 21. Qxd4 $18) ({Black should try} 19... Rad8 $17 {[%cal Of7f5] ...f5! would now be deadly.} 20. Nf3 f5 21. exf6 Nxf6 22. Qxe6+ Kh8) 20. Bb1 (20. Bc2 $15) 20... f5 21. exf6 Nxf6 22. Qh4 Be2 $36 {[%emt 0:11:07][%mdl 2048] Black is in control.} 23. Re1 Qb5 {[%emt 0:01:03] Strongly threatening ...e5.} 24. Ba3 {[%emt 0:05:38] [#]} Bd3 $1 {[%emt 0:09:17] Black is more active.} 25. Bxb4 axb4 (25... Bxb1 {simplifies} 26. Rxb1 axb4 27. Rab2 Qf5) 26. Ra7 {[%emt 0:01:21] [#]} Bxb1 $1 27. Rxb1 Qf5 {[%emt 0:04:13] Wards off Qf4. Threatens to win with ...Nd5.} 28. Rb3 (28. Rxb4 $17 Ra8 29. Rxa8 Rxa8 30. Qf4 Qxf4 31. gxf4) 28... h6 (28... h5 $19 29. Rf3 (29. Rxb4 $2 {loses.} g5 $19) 29... Qd5) 29. Rb7 $2 {[%emt 0:02:12][%mdl 8192] This costs White the game.} (29. Rxb4 $17 {was the crucial defense.} Ra8 30. Rba4 Rxa7 31. Rxa7) 29... Qc2 $19 {[%emt 0:01:47] Black is clearly winning.} 30. Qf4 Qd1+ 31. Kg2 Ng4 32. Rb1 Qe2 33. Re1 Qxe1 34. Qxg4 Qxf2+ (34... Qxd2 35. Qxg7#) 35. Kh3 Rf7 {[%emt 0:00:04] Weighted Error Value: White=0.64/Black=0.27 (precise) .  Loses game:     	White=1     	---        Mistake:       	White=3     	Black=4      Inaccurate:     	White=7     	Black=2      OK:         	White=7     	Black=8      Best:        	White=5     	Black=3      Strong:       	---       	Black=2      Brilliant:      	---       	Black=1} ({Worse is} 35... Qxd2 36. Qxg7#) 0-1

[Event "1st Festival ChessInLyon-GM 2024"]
[Site "Lyon"]
[Date "2024.04.23"]
[Round "1.3"]
[White "Droin, Augustin"]
[Black "Crut, Aurelien"]
[Result "1-0"]
[ECO "C11"]
[WhiteElo "2478"]
[BlackElo "2312"]
[Annotator "TA"]
[PlyCount "24"]
[EventDate "2024.04.23"]
[EventType "tourn"]
[EventCountry "FRA"]
[SourceTitle "playchess.com"]
[Source "ChessBase"]
[SourceQuality "1"]
[TimeControl "40/5400+30:1800+30"]

1. e4 e6 2. d4 d5 3. Nc3 a6 4. Nf3 Nf6 5. e5 Nfd7 6. Ne2 c5 7. c3 Nc6 8. g3 {[%emt 0:00:00] White has an edge.} b5 9. a3 c4 10. Be3 {[%emt 0:00:00] White is slightly better.} Qb6 11. Nf4 Be7 12. h4 Bb7 {[%emt 0:06:30] Weighted Error Value: White=0.00 (flawless) /Black=0.05 (flawless) .  OK:         	White=4     	Black=2} 1-0

[Event "1st Festival ChessInLyon-GM 2024"]
[Site "Lyon"]
[Date "2024.04.23"]
[Round "1.4"]
[White "Boyer, Mahel"]
[Black "Poetsch, Hagen"]
[Result "0-1"]
[ECO "A13"]
[WhiteElo "2432"]
[BlackElo "2460"]
[Annotator "TA"]
[PlyCount "58"]
[EventDate "2024.04.23"]
[EventType "tourn"]
[EventCountry "FRA"]
[SourceTitle "playchess.com"]
[Source "ChessBase"]
[SourceQuality "1"]
[TimeControl "40/5400+30:1800+30"]

1. Nf3 d5 2. e3 Nf6 3. c4 e6 4. b3 c5 5. Bb2 Nc6 6. cxd5 exd5 7. Be2 d4 8. exd4 cxd4 {[%emt 0:00:07] White must now prevent ...d3.} 9. Bb5 Bc5 {[%emt 0:00:25] The position is equal.} 10. Qe2+ Be6 11. Qe5 Bd6 12. Qxd4 O-O 13. Bxc6 bxc6 14. O-O Bd5 15. Qh4 Bxf3 {[%emt 0:00:20] A strong pair of Bishops.} 16. Bxf6 gxf6 17. gxf3 Be5 18. Nc3 Qd3 19. Rfe1 Kh8 {[%emt 0:03:17][%mdl 1024] Black has compensation.} (19... Qxf3 $6 20. Re3 Qf5 21. d4 $14) 20. Re3 $1 Rg8+ ({Reject} 20... Qxd2 21. Ne4 Rg8+ 22. Kh1 $11) 21. Kh1 Qg6 22. Qh3 {[%emt 0:00:02] Inhibits Qg2+.} Rg7 {[%emt 0:06:00] Hoping for ...Rag8.} 23. Rf1 Bxc3 24. Rxc3 {[%emt 0:07:03] [#]} (24. dxc3 $11 Rag8 25. Ree1) 24... Rag8 $1 $40 {[%emt 0:00:05][%cal Og6g1][%mdl 128] ( -> ...Qg1+!). Black wants a kill.} 25. Rcc1 {[%emt 0:00:19][%cal Of3f4] [#]} (25. Rxc6 $2 {leads to mate.} Qg1+ 26. Rxg1 Rxg1#) 25... Qg5 $1 26. Rfe1 {[%emt 0:18:46] Now White is beyond hope.} (26. Rcd1 $17) 26... Rg6 $19 {[%emt 0:03:57] aiming for ...Rh6.} 27. Rcd1 $2 (27. f4 Qd5+ (27... Qxf4 28. Qe3 $15) 28. f3 Qxd2 29. Rg1) 27... Rh6 28. Qg4 Qd5 29. Qf4 {[%emt 0:00:14] [#]} Rxh2+ $3 {[%emt 0:00:11][%mdl 512] Weighted Error Value: White=0.57/Black=0.01 (flawless) .  Mistake:       	White=3     	---        Inaccurate:     	White=1     	---        OK:         	White=8     	Black=9      Best:        	White=4     	Black=4      Strong:       	White=1     	Black=2} 0-1

[Event "1st Festival ChessInLyon-GM 2024"]
[Site "Lyon"]
[Date "2024.04.23"]
[Round "1.5"]
[White "Tahay, Alexis"]
[Black "Shyaamnikhil P"]
[Result "0-1"]
[ECO "C60"]
[WhiteElo "2382"]
[BlackElo "2390"]
[Annotator "TA"]
[PlyCount "60"]
[EventDate "2024.04.23"]
[EventType "tourn"]
[EventCountry "FRA"]
[SourceTitle "playchess.com"]
[Source "ChessBase"]
[SourceQuality "1"]
[TimeControl "40/5400+30:1800+30"]

1. e4 e5 2. Nf3 Nc6 3. Bb5 Nge7 4. c3 f6 5. d4 d5 6. dxe5 dxe4 7. Nd4 Qd5 {[%emt 0:08:34] [#]} (7... a6 $14 8. Ba4 b5) 8. exf6 (8. Na3 $1 $16) 8... gxf6 $14 9. O-O {[%emt 0:02:58] Strongly threatening Nxc6.} Rg8 (9... Bd7 $11) 10. Bf4 Bd7 11. Qe2 (11. Ba4 $11 Nxd4 12. cxd4 (12. Bxd7+ Qxd7 13. Qxd4 Qxd4 $15) 12... Bxa4 13. Qxa4+ Qd7 14. Qxd7+ Kxd7 15. f3) 11... Ng6 $40 {[%emt 0:11:09][%mdl 128] Black mounts an attack.} (11... Nxd4 $17 12. Bxd7+ Qxd7 13. cxd4 O-O-O) 12. Bxc6 $11 (12. Bxc7 $2 Nxd4 13. Bxd7+ Kxd7 $19) 12... bxc6 (12... Bxc6 $11 13. Bxc7 f5) 13. Bg3 (13. Bxc7 $16 {Nd2 is the strong threat.} c5 14. Nb3) 13... f5 $1 14. Nd2 (14. f3 $11) 14... c5 $15 15. Nb5 {[%emt 0:02:58] [#]} (15. Nxe4 $15 fxe4 (15... cxd4 $2 16. Nf6+ Kf7 17. Nxd5 $18) (15... Qxe4 16. Qc4 $15) 16. Nb5) 15... O-O-O $1 $17 16. f4 {[%emt 0:28:40] This costs White the game.} (16. Nxc7 $17 Qc6 17. a4) 16... Qd3 ({Stronger than} 16... Bxb5 17. Qxb5 Qxd2 18. Qa6+ Kb8 19. Rad1 Qxd1 20. Qb5+ Ka8 (20... Kc8 21. Qa6+ Kb8 22. Qb5+ Kc8 23. Qa6+ Kb8 $11) 21. Qc6+ Kb8 22. Qb5+ Ka8 (22... Kc8 23. Qa6+ Kb8 24. Qb5+ $11) 23. Qc6+ Kb8 24. Qb5+ $11) 17. Qxd3 exd3 18. Na3 h5 {[%emt 0:00:20] And now ...h4 would win.} 19. h3 $2 (19. Nf3) 19... Bc6 $19 20. Nf3 h4 21. Bh2 Bd6 22. Nc4 Bxf4 {[%emt 0:00:15] This pair of bishops is nice. White is weak on the light squares} ({Not} 22... Nxf4 23. Nxd6+ (23. Nxh4 $2 {is the wrong capture.} Nxg2 24. Nxd6+ cxd6 $19) 23... Rxd6 24. Bxf4 $18) 23. Rf2 (23. Rad1 {might work better.}) 23... Bg3 24. Bxg3 hxg3 25. Rff1 Rge8 {[%emt 0:00:21] ...Re2 would now be deadly.} 26. Rae1 Re2 27. Ncd2 Nf4 28. Rxe2 dxe2 {[%emt 0:00:10] Black mates.} 29. Re1 Bxf3 30. Nxf3 Rd1 {[%emt 0:00:05] Weighted Error Value: White=0.92/Black=0.19 (very precise) .  Mistake:       	White=8     	Black=4      Inaccurate:     	White=2     	---        OK:         	White=4     	Black=6      Best:        	White=1     	Black=2      Strong:       	---       	Black=2} 0-1

[Event "1st Festival ChessInLyon-GM 2024"]
[Site "Lyon"]
[Date "2024.04.23"]
[Round "2.2"]
[White "Fedorchuk, Sergey A."]
[Black "Gatineau, Yovann"]
[Result "1/2-1/2"]
[ECO "C13"]
[WhiteElo "2557"]
[BlackElo "2408"]
[Annotator "TA"]
[PlyCount "115"]
[EventDate "2024.04.23"]
[EventType "tourn"]
[EventCountry "FRA"]
[SourceTitle "playchess.com"]
[Source "ChessBase"]
[SourceQuality "1"]
[TimeControl "40/5400+30:1800+30"]

1. e4 e6 2. d4 d5 3. Nc3 Nf6 4. Bg5 dxe4 5. Nxe4 Be7 6. Bxf6 gxf6 7. Nf3 a6 8. Qe2 {[%emt 0:07:44] C13: French: Classical System: 4 Bg5 Be7, Alekhine-Chatard Attack.} f5 9. Ned2 {[%emt 0:03:49] was the old line (9.Nc3).} b5 10. g3 Bb7 11. Bg2 Nd7 12. a4 bxa4 $146 ({Predecessor:} 12... c5 13. O-O c4 14. axb5 axb5 15. Ne5 Bxg2 16. Kxg2 Nb6 17. Qh5 O-O 18. Ndf3 Qd5 {½-½ Santagati,A (2208)-Sadorra,J (2501) Titled Tuesday intern op 6th Oct blitz 2015 (1)}) 13. c4 O-O 14. O-O Bf6 15. Rfd1 Qe7 (15... c5 {is more complex.} 16. d5 Re8 17. dxe6 Rxe6 18. Qd3 Bxb2 19. Qxf5 Rf6) 16. Rxa4 Rfd8 17. Ra3 Rab8 18. Re3 Qb4 19. b3 Nf8 20. Rd3 $1 c5 21. d5 $1 exd5 22. Ne1 dxc4 23. Nxc4 Re8 (23... Bxg2 {simplifies} 24. Nxg2 Rxd3 25. Rxd3 Ne6) 24. Qf1 Be4 25. Nd6 Re6 26. Nxe4 fxe4 27. Re3 Rbe8 28. Nc2 Qb7 29. Qc4 Ng6 30. Rde1 (30. Rd5 $16) 30... Kg7 (30... Qb5 $11) 31. Bxe4 $16 Qb5 32. Bd5 Rxe3 33. Nxe3 Qxc4 34. Nf5+ (34. Bxc4 {simplifies} Ne5 35. Be2 Rb8 36. Rc1) 34... Kf8 35. Rxe8+ (35. Bxc4 $2 {perishes.} Rxe1+ 36. Kg2 a5 $19) 35... Kxe8 36. Bxc4 Ne5 37. Bxa6 Nf3+ 38. Kg2 Nd4 39. Nd6+ Ke7 40. Nc8+ Kd7 $1 41. Na7 Nxb3 42. Bc4 Nd4 43. Kh3 Kc7 44. Nb5+ Nxb5 45. Bxb5 Kd6 46. Kg4 Bd4 47. f4 Ke6 48. Bd3 h6 49. Kh5 Bg1 50. h4 Bh2 51. f5+ (51. Kxh6 $5 Kf6 (51... Bxg3 52. Kg5 $11) 52. g4 Bxf4+ 53. g5+ Ke7 54. Kg7 $11) 51... Kf6 52. Kxh6 Bxg3 53. h5 c4 54. Bxc4 Kxf5 55. Kg7 Bf4 56. Bxf7 Ke5 57. h6 Bxh6+ 58. Kxh6 1/2-1/2

[Event "1st Festival ChessInLyon-GM 2024"]
[Site "Lyon"]
[Date "2024.04.23"]
[Round "2.3"]
[White "Shyaamnikhil P"]
[Black "Vlachos, Anatole"]
[Result "1-0"]
[ECO "B15"]
[WhiteElo "2390"]
[BlackElo "2482"]
[Annotator "TA"]
[PlyCount "44"]
[EventDate "2024.04.23"]
[EventType "tourn"]
[EventCountry "FRA"]
[SourceTitle "playchess.com"]
[Source "ChessBase"]
[SourceQuality "1"]
[TimeControl "40/5400+30:1800+30"]

1. e4 c6 2. d4 d5 3. Nd2 dxe4 4. Nxe4 Nf6 5. Nxf6+ exf6 6. c3 Bd6 7. Bd3 O-O 8. Qc2 {[%emt 0:00:03] Active counter play!} Re8+ 9. Ne2 h5 10. Be3 Nd7 {[%emt 0:00:10] White is slightly better.} 11. Ng3 Nf8 (11... h4 $11 12. Ne2 Nf8) 12. O-O-O (12. Nxh5 $14 g6 13. Ng3) 12... Be6 $11 13. Kb1 b5 (13... g6 $11) 14. Be4 $14 Bd5 15. Bxd5 cxd5 16. Qb3 Be7 17. Qxb5 Rb8 18. Qd3 Qa5 (18... Qb6 $14 19. Rd2 (19. Nxh5 $2 Qxb2#) 19... Ba3) 19. Nf5 ({Better is} 19. Nxh5 Rec8 20. Ka1) 19... Ba3 $16 20. Bc1 Rb6 21. Ka1 Reb8 $2 {[%emt 0:00:11] [#]} 22. b4 $18 (22. bxa3 $2 {gets mated.} Qxc3+ 23. Qxc3 Rb1#) 22... Qa4 {[%emt 0:09:45] Weighted Error Value: White=0.19 (very precise) /Black=0.43.  Loses game:     	---       	Black=1      Mistake:       	White=2     	Black=3      Inaccurate:     	---       	Black=2      OK:         	White=3     	Black=3      Best:        	White=2     	---} 1-0

[Event "1st Festival ChessInLyon-GM 2024"]
[Site "Lyon"]
[Date "2024.04.23"]
[Round "2.4"]
[White "Crut, Aurelien"]
[Black "Tahay, Alexis"]
[Result "1/2-1/2"]
[ECO "B51"]
[WhiteElo "2312"]
[BlackElo "2382"]
[Annotator "TA"]
[PlyCount "62"]
[EventDate "2024.04.23"]
[EventType "tourn"]
[EventCountry "FRA"]
[SourceTitle "playchess.com"]
[Source "ChessBase"]
[SourceQuality "1"]
[TimeControl "40/5400+30:1800+30"]

1. e4 c5 2. Nf3 d6 3. Bb5+ Nd7 4. d4 cxd4 5. Qxd4 a6 6. Bxd7+ Qxd7 7. O-O e5 8. Qd3 Qc6 {[%emt 0:00:17] White has an edge.} 9. c4 Be6 10. b3 b5 11. Na3 Nf6 12. Re1 bxc4 13. Nxc4 Bxc4 14. Qxc4 Qxc4 15. bxc4 Rc8 16. Bg5 Rxc4 17. Bxf6 gxf6 18. Rab1 Kd7 19. Rb7+ Rc7 20. Rb6 Be7 21. Rxa6 Rb8 22. Nh4 Rb4 (22... Rb2 $11) 23. g3 $1 $14 Rcc4 24. Nf5 {[%emt 0:02:29] [#] Black must now prevent Ra7+.} Ra4 25. Rxa4 Rxa4 {[%emt 0:00:01][%mdl 4096] Endgame. KRB-KRN} 26. Re2 Bd8 27. Kg2 Bb6 28. Rb2 Ra6 (28... Ba5 $14 {should be considered.}) 29. Kf3 {[%emt 0:00:19] White is more active.} Ke6 30. Ng7+ Ke7 31. Nf5+ (31. Kg4 $142) 31... Ke6 {Weighted Error Value: White=0.08 (flawless) /Black=0.09 (flawless) .  Mistake:       	White=1     	Black=2      Inaccurate:     	---       	Black=1      OK:         	White=9     	Black=11     Best:        	---       	Black=1      Strong:       	White=1     	---} 1/2-1/2

[Event "1st Festival ChessInLyon-GM 2024"]
[Site "Lyon"]
[Date "2024.04.23"]
[Round "2.5"]
[White "Boyer, Mahel"]
[Black "Droin, Augustin"]
[Result "1/2-1/2"]
[ECO "A13"]
[WhiteElo "2432"]
[BlackElo "2478"]
[Annotator "TA"]
[PlyCount "113"]
[EventDate "2024.04.23"]
[EventType "tourn"]
[EventCountry "FRA"]
[SourceTitle "playchess.com"]
[Source "ChessBase"]
[SourceQuality "1"]
[TimeControl "40/5400+30:1800+30"]

1. Nf3 d5 2. e3 Nf6 3. b3 e6 4. Bb2 Bd6 5. c4 b6 6. Nc3 a6 7. cxd5 exd5 8. g3 {[%emt 0:00:07] The position is equal.} O-O 9. Bg2 Bb7 10. O-O Nbd7 11. Ne2 Re8 12. Nf4 Nc5 13. Qc2 Ne6 (13... c6 $11) 14. Rfe1 c5 15. Nh4 Nxf4 16. exf4 Rxe1+ 17. Rxe1 Bf8 18. Nf5 Qd7 19. Bxf6 gxf6 20. h4 {[%emt 0:00:30] White has more active pieces.} a5 21. d4 Re8 22. Rd1 cxd4 23. Nxd4 Bc5 24. Qd3 Qg4 25. Bf3 Qg6 26. Qc3 {[%emt 0:01:32] [#] aiming for h5.} f5 27. Qd3 Bc8 28. Bxd5 Rd8 29. Qf3 ({But not} 29. Nc6 $2 Rxd5 $19) 29... Bb7 {[%emt 0:01:52] [#]} 30. Bxb7 ({White should play} 30. Nxf5 $1 $18 {Threatens to win with Bxf7+.} Bc8 31. Ne3) 30... Rxd4 $16 31. Rxd4 Bxd4 $18 {[%emt 0:00:03][%mdl 4096] Endgame. KQB-KQB} 32. Bc8 Bc5 33. Qd3 Qf6 34. Bxf5 Qa1+ (34... Qb2 {is a better defense.} 35. Qc2 (35. Bxh7+ Kh8 $18) 35... Qxc2 36. Bxc2 Kh8) 35. Qb1 (35. Kg2 $18) 35... Qxb1+ $16 36. Bxb1 {[%emt 0:00:04] KB-KB} f6 37. Kg2 h6 38. g4 Kg7 39. Kf3 Bd4 40. g5 Bc5 41. Bd3 Bd4 42. Bb5 (42. Kg3 $18 {has better winning chances.}) 42... Bc5 (42... fxg5 $16 43. hxg5 (43. fxg5 hxg5 44. hxg5 Kg6 $14) 43... hxg5) 43. Kg3 $18 Bd4 44. Be8 Bc5 45. f3 Be3 46. Kg4 Bc1 47. Kf5 Bb2 48. Ke6 Bc3 49. Kd5 Bd2 50. Kc6 Be3 51. Bd7 (51. g6 $18) 51... fxg5 {[%emt 0:00:00] White is slightly better.} 52. fxg5 hxg5 53. hxg5 Kg6 $1 {[%emt 0:00:00] Prevents Bf5+} 54. f4 Bxf4 55. Kxb6 Bd2 56. Be8+ Kxg5 57. Bh5 {[%emt 0:00:00] White really could win this.   Weighted Error Value: White=0.16 (very precise) /Black=0.16 (very precise) .  Mistake:       	White=4     	Black=4      Inaccurate:     	White=4     	Black=5      OK:         	White=17    	Black=14     Best:        	---       	Black=3      Strong:       	---       	Black=1} 1/2-1/2

[Event "1st Festival ChessInLyon-GM 2024"]
[Site "Lyon"]
[Date "2024.04.23"]
[Round "3.1"]
[White "Vlachos, Anatole"]
[Black "Crut, Aurelien"]
[Result "1-0"]
[ECO "C15"]
[WhiteElo "2482"]
[BlackElo "2312"]
[Annotator "TA"]
[PlyCount "57"]
[EventDate "2024.04.23"]
[EventType "tourn"]
[EventCountry "FRA"]
[SourceTitle "playchess.com"]
[Source "ChessBase"]
[SourceQuality "1"]
[TimeControl "40/5400+30:1800+30"]

1. e4 e6 2. d4 d5 3. Nc3 Bb4 4. Nge2 Nc6 5. a3 Ba5 6. b4 Bb6 7. Bb2 Nge7 8. Na4 O-O 9. Ng3 {[%emt 0:03:43][%cal Be2g3,Bg3e4,Be4g5,Bg5f3,Bf3e5][%mdl 32] White has an edge.} dxe4 10. Nxb6 axb6 11. b5 Na5 12. Nxe4 Ng6 {[%emt 0:08:27] [#]} 13. h4 $1 f5 (13... h6 14. h5) 14. Ng5 {[%emt 1:22:10] And now Qh5 would win.} h6 15. Nf3 Qd5 16. h5 Qe4+ 17. Qe2 (17. Kd2 {seems wilder.} Qf4+ 18. Ke1 Qe4+ 19. Qe2) 17... Qxe2+ $1 18. Bxe2 Nh8 {[%emt 0:04:15] A mistake that costs the game.} (18... Nf4 $14) 19. Ne5 $18 Nf7 {[%emt 0:01:51] [#]} 20. O-O-O $1 Rd8 (20... Ng5 $142 21. f3 Nh7) 21. g4 Nxe5 22. dxe5 Bd7 23. Rd3 Be8 24. gxf5 exf5 $2 (24... Rxd3 25. Bxd3 Bf7) 25. e6 Rxd3 26. Bxd3 {[%emt 0:00:06][%cal Oh1g1] aiming for Rg1! A strong pair of Bishops.} Rd8 (26... Kf8 $142 27. Rg1 (27. Bxf5 Nc4 $16) 27... Ke7 28. Rxg7+ (28. Bxf5 Nc4 $18) 28... Kd6) 27. Rg1 {[%emt 0:00:30] White is clearly winning.} g5 28. hxg6 {[%emt 0:00:04][%cal Og1h1] Intending Rh1! and mate.} Rd6 29. g7 {[%emt 0:00:38] Weighted Error Value: White=0.13 (very precise) /Black=0.38.  Mistake:       	---       	Black=4      Inaccurate:     	White=2     	Black=3      OK:         	White=10    	Black=9      Best:        	White=3     	---        Strong:       	---       	Black=1} (29. Bxf5 $142 Rd5 30. Be4 (30. Bd3 Nb3+ 31. Kb1 Rxd3 $18)) 1-0

[Event "1st Festival ChessInLyon-GM 2024"]
[Site "Lyon"]
[Date "2024.04.23"]
[Round "3.2"]
[White "Gatineau, Yovann"]
[Black "Shyaamnikhil P"]
[Result "1/2-1/2"]
[ECO "E11"]
[WhiteElo "2408"]
[BlackElo "2390"]
[Annotator "TA"]
[PlyCount "61"]
[EventDate "2024.04.23"]
[EventType "tourn"]
[EventCountry "FRA"]
[SourceTitle "playchess.com"]
[Source "ChessBase"]
[SourceQuality "1"]
[TimeControl "40/5400+30:1800+30"]

1. d4 Nf6 2. c4 e6 3. Nf3 Bb4+ 4. Nbd2 O-O 5. a3 Be7 6. e4 d6 7. Be2 Nfd7 8. b4 e5 {[%emt 0:06:48] White has an edge.} 9. d5 a5 10. Bb2 c6 11. O-O c5 (11... cxd5 $11 12. cxd5 (12. exd5 Nf6 $14) 12... axb4) 12. b5 $16 g6 13. Ne1 Bf6 14. g3 Bg7 15. Ng2 Qe7 16. Qc2 f5 (16... Nf6 $14) 17. exf5 $18 gxf5 18. f4 e4 19. Bxg7 Qxg7 {[%emt 0:00:16] [#]} 20. Kh1 (20. g4 $1 $18 {and White stays clearly on top.}) 20... Nf6 $16 21. Ne3 h5 22. Rg1 {[%emt 0:06:23] White is more active.} (22. h3 $14) 22... Qh7 (22... Ng4 $11 {might be stronger.} 23. Bxg4 hxg4) 23. Raf1 Ng4 24. Bxg4 ({White should play} 24. Ng2 $14) 24... hxg4 $11 25. Qc3 Nd7 26. Rg2 Nf6 27. Kg1 Kf7 28. Kf2 Rh8 29. Ke1 Bd7 30. Kd1 Qg6 31. Kc1 {[%emt 0:02:12] Black escapes into a draw.   Weighted Error Value: White=0.20 (precise) /Black=0.23 (precise) .  Mistake:       	White=3     	Black=3      Inaccurate:     	White=4     	Black=2      OK:         	White=8     	Black=9      Best:        	White=1     	Black=1} 1/2-1/2